[Event "45th FIDE Olympiad 2024"]
[Site "Budapest"]
[Date "2024.09.18"]
[Round "7.194"]
[White "Isaakidis, Alexandros"]
[Black "Djabri, Massinas"]
[Result "1-0"]
[WhiteElo "2155"]
[BlackElo "2280"]
[PlyCount "79"]
[EventDate "2024.09.05"]
[EventType "team-tourn"]
[EventCountry "HUN"]
[WhiteTeam "Cyprus"]
[BlackTeam "Algeria"]
[WhiteTeamCountry "CYP"]
[BlackTeamCountry "ALG"]
[TimeControl "40/5400+30:1800+30"]

1. e4 c5 2. Nf3 d6 3. Nc3 Nf6 4. e5 dxe5 5. Nxe5 Nbd7 6. d4 e6 7. Bb5 a6 8. Bxd7+ Nxd7 9. Qf3 Qf6 10. Bf4 Qf5 11. Ne4 Nxe5 12. dxe5 Bd7 13. O-O-O Bc6 14. Rhe1 Be7 15. Qe3 O-O 16. Nd6 Qg6 17. Qxc5 Rac8 18. Rd2 Ba4 19. Qxc8 Rxc8 20. Nxc8 Kf8 21. Nxe7 Kxe7 22. f3 Qf5 23. Bg3 g5 24. Bf2 f6 25. exf6+ Qxf6 26. Bd4 Qf5 27. Rde2 Bd7 28. Kb1 h6 29. h3 Kf7 30. b3 Qd5 31. Re4 Qf5 32. h4 Kg6 33. hxg5 hxg5 34. Rg4 Kf7 35. Re5 Qh7 36. Rexg5 Qh1+ 37. Kb2 e5 38. Rg7+ Kf6 39. R4g6+ Kf5 40. Be3 1-0

[Event "45th FIDE Olympiad 2024"]
[Site "Budapest"]
[Date "2024.09.18"]
[Round "7.195"]
[White "Brahami, Lamine"]
[Black "Antoniou, Rafail"]
[Result "1/2-1/2"]
[WhiteElo "2188"]
[BlackElo "2007"]
[PlyCount "115"]
[EventDate "2024.09.05"]
[EventType "team-tourn"]
[EventCountry "HUN"]
[WhiteTeam "Algeria"]
[BlackTeam "Cyprus"]
[WhiteTeamCountry "ALG"]
[BlackTeamCountry "CYP"]
[TimeControl "40/5400+30:1800+30"]

1. d4 Nf6 2. c4 c5 3. d5 b5 4. cxb5 a6 5. b6 Qxb6 6. Nc3 e6 7. e4 exd5 8. exd5 d6 9. Bd3 Be7 10. Nf3 O-O 11. Nd2 Nbd7 12. Nc4 Qc7 13. O-O Bb7 14. Re1 Rfe8 15. Bf4 Bf8 16. Qf3 Nb6 17. Ne3 c4 18. Bc2 Qc5 19. Red1 Nbd7 20. Nf5 Ne5 21. Qh3 Nd3 22. Bxd3 cxd3 23. Qxd3 Nxd5 24. Nxd5 Bxd5 25. Rac1 Qa5 26. b4 Qxa2 27. Rd2 Qc4 28. Qxc4 Bxc4 29. Nxd6 Bxd6 30. Bxd6 Rac8 31. h4 h5 32. f3 Be6 33. Ra1 Rc6 34. Bc5 Rb8 35. Kf2 Kh7 36. Rd3 Re8 37. Rd4 Bb3 38. Ra3 Be6 39. Ra5 Rb8 40. Ra1 Rb5 41. Rd6 Rxd6 42. Bxd6 Rb6 43. Bc5 Rc6 44. Ke3 Bc4 45. Rc1 Re6+ 46. Kf4 Rf6+ 47. Kg3 Bd5 48. Bd4 Rc6 49. Bc5 Bb3 50. Rc3 Be6 51. Kf4 f6 52. Rc1 Kg6 53. g4 hxg4 54. fxg4 Kf7 55. h5 Rc8 56. Ra1 Bc4 57. Rc1 Be6 58. Ra1 1/2-1/2

[Event "45th FIDE Olympiad 2024"]
[Site "Budapest"]
[Date "2024.09.18"]
[Round "7.196"]
[White "Savva, Panikos"]
[Black "Boulrens, Ala Eddine"]
[Result "0-1"]
[WhiteElo "1973"]
[BlackElo "2137"]
[PlyCount "98"]
[EventDate "2024.09.05"]
[EventType "team-tourn"]
[EventCountry "HUN"]
[WhiteTeam "Cyprus"]
[BlackTeam "Algeria"]
[WhiteTeamCountry "CYP"]
[BlackTeamCountry "ALG"]
[TimeControl "40/5400+30:1800+30"]

1. Nf3 Nf6 2. c4 g6 3. Nc3 c5 4. e3 Nc6 5. d4 cxd4 6. exd4 d5 7. cxd5 Nxd5 8. Qb3 Nxc3 9. bxc3 Bg7 10. Be2 O-O 11. O-O Qc7 12. Be3 Be6 13. Qa3 Na5 14. Nd2 Rfd8 15. Rac1 Rac8 16. Rfe1 a6 17. h3 b5 18. Nb3 Nc4 19. Bxc4 Bxc4 20. Bg5 Bf6 21. Bxf6 exf6 22. Qxa6 Qf4 23. Nc5 Ra8 24. Qb6 Rdb8 25. Qc6 Rxa2 26. Qf3 Qxf3 27. gxf3 Rba8 28. Nd7 R8a6 29. Nc5 R6a3 30. Nd7 Kg7 31. Nb6 Be2 32. d5 Rd2 33. Kg2 b4 34. cxb4 Bxf3+ 35. Kg1 Bxd5 36. Nxd5 Rxd5 37. Re3 Rxe3 38. fxe3 Rd3 39. Kf2 Rb3 40. Rc4 f5 41. h4 f6 42. Rc7+ Kh6 43. Rb7 g5 44. h5 Kxh5 45. Rxh7+ Kg4 46. Rf7 Rb2+ 47. Kg1 Kg3 48. Kf1 Kf3 49. Kg1 g4 {0-} 0-1

[Event "45th FIDE Olympiad 2024"]
[Site "Budapest"]
[Date "2024.09.18"]
[Round "7.197"]
[White "Mandizha, Farai"]
[Black "Almedina Ortiz, Edgardo J."]
[Result "1-0"]
[WhiteElo "2371"]
[BlackElo "2196"]
[PlyCount "41"]
[EventDate "2024.09.05"]
[EventType "team-tourn"]
[EventCountry "HUN"]
[WhiteTeam "Zimbabwe"]
[BlackTeam "Puerto Rico"]
[WhiteTeamCountry "ZIM"]
[BlackTeamCountry "PUR"]
[TimeControl "40/5400+30:1800+30"]

1. d4 d5 2. c4 e6 3. Nf3 a6 4. cxd5 exd5 5. Nc3 c6 6. e4 dxe4 7. Ng5 Be7 8. Bc4 Nh6 9. Ngxe4 Nf5 10. d5 O-O 11. O-O Nd6 12. Nxd6 Bxd6 13. Qh5 cxd5 14. Nxd5 Nc6 15. Bg5 Qa5 16. Rfd1 Ne5 17. Nf6+ gxf6 18. Bxf6 Nf3+ 19. Qxf3 Qf5 20. Rd5 Qxf3 21. Rg5# 1-0

[Event "45th FIDE Olympiad 2024"]
[Site "Budapest"]
[Date "2024.09.18"]
[Round "7.198"]
[White "Rodriguez Santiago, Jaime"]
[Black "Makoto, Rodwell"]
[Result "0-1"]
[WhiteElo "2002"]
[BlackElo "2311"]
[PlyCount "78"]
[EventDate "2024.09.05"]
[EventType "team-tourn"]
[EventCountry "HUN"]
[WhiteTeam "Puerto Rico"]
[BlackTeam "Zimbabwe"]
[WhiteTeamCountry "PUR"]
[BlackTeamCountry "ZIM"]
[TimeControl "40/5400+30:1800+30"]

1. d4 Nf6 2. c4 g6 3. Nc3 Bg7 4. e4 d6 5. Nf3 O-O 6. Be2 e5 7. Be3 Nbd7 8. d5 Ng4 9. Bg5 f6 10. Bh4 Nh6 11. h3 g5 12. Bg3 f5 13. Qd2 f4 14. Bh2 a5 15. g4 Nc5 16. Qc2 c6 17. Rd1 cxd5 18. Rxd5 Nf7 19. Nb5 Qb6 20. Kf1 Bd7 21. Nc3 Ne6 22. Rd2 Rfc8 23. Kg2 Nd4 24. Nxd4 exd4 25. Nd5 Qd8 26. f3 Be6 27. Bg1 Bxd5 28. exd5 Qb6 29. Bd3 h6 30. Bf5 Rc7 31. Be6 Qb4 32. b3 Qc3 33. Qd1 a4 34. Bf2 axb3 35. axb3 Ra3 36. Rd3 Qb2 37. Rf1 b5 38. cxb5 Rc2 39. Qe1 Re2 {0-} 0-1

[Event "45th FIDE Olympiad 2024"]
[Site "Budapest"]
[Date "2024.09.18"]
[Round "7.199"]
[White "Mwadzura, Roy"]
[Black "Boggiano Pereira, Miguel A."]
[Result "1-0"]
[WhiteElo "2229"]
[BlackElo "2015"]
[PlyCount "109"]
[EventDate "2024.09.05"]
[EventType "team-tourn"]
[EventCountry "HUN"]
[WhiteTeam "Zimbabwe"]
[BlackTeam "Puerto Rico"]
[WhiteTeamCountry "ZIM"]
[BlackTeamCountry "PUR"]
[TimeControl "40/5400+30:1800+30"]

1. e4 c5 2. Nf3 d6 3. c3 Nf6 4. h3 g6 5. Qc2 Bg7 6. Bc4 O-O 7. d3 d5 8. exd5 Nxd5 9. Qe2 Nc6 10. O-O a6 11. Rd1 b5 12. Bb3 Bb7 13. Be3 Nxe3 14. Qxe3 Rc8 15. Nbd2 Na5 16. Bc2 b4 17. Ne4 bxc3 18. bxc3 Qc7 19. Rac1 Bd5 20. d4 cxd4 21. cxd4 Nc4 22. Qg5 Qd8 23. Bb1 e6 24. Qf4 Qe7 25. Nc3 Bxf3 26. Qxf3 Qa3 27. Ne2 Qxf3 28. gxf3 Bh6 29. f4 Nb6 30. Bd3 Nd5 31. Bxa6 Ra8 32. Bc4 Nxf4 33. Nxf4 Bxf4 34. Rb1 Ra3 35. Bb3 Rd8 36. Kg2 Ra5 37. Rd3 Kf8 38. Rbd1 h5 39. Rf3 g5 40. Rfd3 Rd6 41. d5 e5 42. Rc3 h4 43. Rc7 Kg7 44. Re1 Rb5 45. Re4 Rbb6 46. Ra4 Bd2 47. Raa7 Rf6 48. d6 Rbxd6 49. Bxf7 Ba5 50. Rxa5 Rxf7 51. Rxf7+ Kxf7 52. Rxe5 Kf6 53. Ra5 Rd3 54. a4 Ra3 55. Ra8 1-0

[Event "45th FIDE Olympiad 2024"]
[Site "Budapest"]
[Date "2024.09.18"]
[Round "7.200"]
[White "Mejias Nunez, Rafael E."]
[Black "Mushore, Emarald Takudzwa"]
[Result "0-1"]
[WhiteElo "2026"]
[BlackElo "2150"]
[PlyCount "158"]
[EventDate "2024.09.05"]
[EventType "team-tourn"]
[EventCountry "HUN"]
[WhiteTeam "Puerto Rico"]
[BlackTeam "Zimbabwe"]
[WhiteTeamCountry "PUR"]
[BlackTeamCountry "ZIM"]
[TimeControl "40/5400+30:1800+30"]

1. e4 e5 2. Nf3 Nc6 3. Bb5 a6 4. Ba4 Nf6 5. d3 b5 6. Bb3 Be7 7. Nbd2 O-O 8. O-O Bb7 9. a4 h6 10. Re1 Re8 11. Nf1 Bf8 12. c3 d5 13. Qe2 Na5 14. Bc2 dxe4 15. dxe4 Nc4 16. Ng3 Nd6 17. h3 c5 18. Nh2 Qc8 19. Ng4 Nxg4 20. hxg4 f6 21. Nf5 c4 22. Bd2 Qc6 23. Qf3 Rad8 24. axb5 axb5 25. Nxd6 Rxd6 26. Be3 Red8 27. Qe2 Bc8 28. Ra7 Be6 29. Rea1 Qc8 30. f3 R6d7 31. Rxd7 Rxd7 32. Rd1 Qd8 33. Rxd7 Qxd7 34. Qd2 Qxd2 35. Bxd2 Bc5+ 36. Kf1 Kf7 37. Ke2 Ke7 38. Bd1 Kd7 39. Bc2 Kc6 40. Bd1 Kb7 41. Bc2 Ka6 42. Be3 Bd6 43. Bd2 Ka5 44. Be1 b4 45. cxb4+ Bxb4 46. Bxb4+ Kxb4 47. Kd2 Bd7 48. Bd1 Ba4 49. Be2 g6 50. g3 g5 51. Ke3 Bb5 52. Bd1 c3 53. bxc3+ Kxc3 54. f4 Bd7 55. Be2 Kc2 56. f5 Ba4 57. Ba6 Kc3 58. Be2 Bb3 59. Bf3 Bc4 60. Bd1 Bb5 61. Bf3 Kc2 62. Bg2 Kd1 63. Bh1 Be2 64. Bg2 Ke1 65. Bh3 Kd1 66. Bg2 Bxg4 67. Bf1 Ke1 68. Bb5 h5 69. Bc4 h4 70. gxh4 gxh4 71. Be2 Bh3 72. Bf3 Bf1 73. Bh1 Be2 74. Bg2 Bg4 75. Bh1 h3 76. Bf3 h2 77. Bg2 Be2 78. Bh1 Kf1 79. Kd2 Kf2 {0-} 0-1

[Event "45th FIDE Olympiad 2024"]
[Site "Budapest"]
[Date "2024.09.18"]
[Round "7.201"]
[White "Allam, Mohamed"]
[Black "Miguel, Sergio"]
[Result "0-1"]
[WhiteElo "2053"]
[BlackElo "2241"]
[PlyCount "114"]
[EventDate "2024.09.05"]
[EventType "team-tourn"]
[EventCountry "HUN"]
[WhiteTeam "Palestine"]
[BlackTeam "Angola"]
[WhiteTeamCountry "PLE"]
[BlackTeamCountry "ANG"]
[TimeControl "40/5400+30:1800+30"]

1. d4 Nf6 2. c4 e6 3. Nc3 Bb4 4. e3 O-O 5. a3 Bxc3+ 6. bxc3 b6 7. Bd3 Bb7 8. f3 Nc6 9. e4 e5 10. Ne2 d6 11. Bg5 Nb8 12. Ng3 h6 13. Be3 Re8 14. Qd2 Nh7 15. O-O Nd7 16. f4 Ndf6 17. fxe5 dxe5 18. d5 Ng4 19. Nf5 Bc8 20. c5 Bxf5 21. Rxf5 Nxe3 22. Qxe3 Qe7 23. Bb5 Red8 24. cxb6 axb6 25. a4 Nf8 26. Raf1 f6 27. Qg3 Kh7 28. h4 Nd7 29. h5 Nc5 30. Ra1 Kh8 31. Bc6 Nxe4 32. Qg4 Nd6 33. Rf3 Ra5 34. Qe6 Qxe6 35. dxe6 e4 36. e7 Rg8 37. Re3 f5 38. g4 fxg4 39. Rxe4 Nxe4 40. e8=Q Rxe8 41. Bxe8 Nf6 42. Bg6 Kg8 43. Kg2 Nxh5 44. Rf1 Nf6 45. Rd1 Rd5 46. Re1 Rg5 47. Bc2 Kf7 48. Bb3+ Kf8 49. Re3 h5 50. Rd3 h4 51. Bd1 Rd5 52. Rxd5 Nxd5 53. Kh2 Nxc3 54. Bxg4 Nxa4 55. Kh3 g5 56. Bd7 Nc3 57. Kg4 Ke7 {0-} 0-1

[Event "45th FIDE Olympiad 2024"]
[Site "Budapest"]
[Date "2024.09.18"]
[Round "7.202"]
[White "Sapalo, Gabriel"]
[Black "Seder, Mohammed"]
[Result "1/2-1/2"]
[WhiteElo "2058"]
[BlackElo "2116"]
[PlyCount "172"]
[EventDate "2024.09.05"]
[EventType "team-tourn"]
[EventCountry "HUN"]
[WhiteTeam "Angola"]
[BlackTeam "Palestine"]
[WhiteTeamCountry "ANG"]
[BlackTeamCountry "PLE"]
[TimeControl "40/5400+30:1800+30"]

1. d4 Nf6 2. Nf3 d5 3. c4 e6 4. Nc3 Bb4 5. Qb3 a5 6. a3 Be7 7. Bg5 c6 8. e3 O-O 9. Bd3 dxc4 10. Bxc4 b5 11. Bd3 Nbd7 12. O-O Ba6 13. Rfd1 Qb6 14. Ne5 Qc7 15. Qc2 Nxe5 16. dxe5 Qxe5 17. Bxh7+ Kh8 18. Bf4 Qc5 19. Bd3 Nd5 20. Nxd5 Qxc2 21. Bxc2 cxd5 22. Bd3 Bf6 23. Rd2 Rfc8 24. f3 Rc5 25. g4 g5 26. Bg3 Rac8 27. Kg2 Bb7 28. h4 gxh4 29. Bxh4 Kg7 30. Rh1 b4 31. axb4 axb4 32. Bg3 b3 33. g5 Bxg5 34. Be5+ f6 35. Rh7+ Kg8 36. Rxb7 Rc2 37. Re2 Rxe2+ 38. Bxe2 Rc2 39. Kf1 Rc1+ 40. Kf2 fxe5 41. Rxb3 Rh1 42. Bf1 Kg7 43. Kg2 Rh4 44. Bb5 Kf6 45. Bd7 Ke7 46. Bb5 Kf6 47. Bd7 Rh7 48. Be8 Re7 49. Bh5 Ra7 50. Bg4 Ra6 51. Kg3 Bh6 52. Kf2 Rc6 53. Ke2 Bg5 54. Rb8 Rc2+ 55. Kd3 Rg2 56. Rb6 e4+ 57. Kc3 Bxe3 58. Rxe6+ Kf7 59. Re5 Bh6 60. Bh5+ Kf8 61. Re8+ Kg7 62. fxe4 d4+ 63. Kxd4 Rxb2 64. e5 Bg5 65. Kd5 Rh2 66. Bg4 Kf7 67. Ra8 Rd2+ 68. Ke4 Be7 69. Ra7 Rf2 70. Bh5+ Kf8 71. Kd5 Rf5 72. Bg4 Rg5 73. Be6 Rg6 74. Ra8+ Kg7 75. Rg8+ Kh6 76. Re8 Rg7 77. Bf5 Kg5 78. Bd7 Bb4 79. Be6 Be7 80. Bg8 Bb4 81. e6 Rc7 82. Bf7 Rc5+ 83. Kd4 Rc7 84. Rb8 Be7 85. Be8 Kf6 86. Bd7 Rc1 1/2-1/2

[Event "45th FIDE Olympiad 2024"]
[Site "Budapest"]
[Date "2024.09.18"]
[Round "7.203"]
[White "Michel Yunis, Christian D."]
[Black "Silva, David"]
[Result "0-1"]
[WhiteElo "2220"]
[BlackElo "2363"]
[PlyCount "122"]
[EventDate "2024.09.05"]
[EventType "team-tourn"]
[EventCountry "HUN"]
[WhiteTeam "Palestine"]
[BlackTeam "Angola"]
[WhiteTeamCountry "PLE"]
[BlackTeamCountry "ANG"]
[TimeControl "40/5400+30:1800+30"]

1. d4 Nf6 2. Nf3 g6 3. c4 Bg7 4. Nc3 O-O 5. g3 d6 6. Bg2 c6 7. O-O Qa5 8. e4 e5 9. Re1 Bg4 10. Be3 Nbd7 11. h3 exd4 12. Bxd4 Be6 13. Bf1 Ne5 14. Nxe5 dxe5 15. Be3 Rfe8 16. a3 Qc7 17. Qa4 h5 18. f3 Nh7 19. Rac1 Qe7 20. Bg2 h4 21. g4 Ng5 22. Kh1 Red8 23. Rcd1 Rd7 24. Bf2 Nh7 25. Rxd7 Bxd7 26. Qb4 Qxb4 27. axb4 Bf8 28. b5 Be6 29. Bf1 Ng5 30. Kg2 Be7 31. Ra1 Rd8 32. bxc6 bxc6 33. Rxa7 Bf6 34. Be3 Rb8 35. Nd1 Bc8 36. b4 Ne6 37. b5 Nd4 38. Nc3 Be6 39. Kf2 Bd8 40. Bxd4 exd4 41. Na4 cxb5 42. cxb5 Bb3 43. Bd3 Kg7 44. f4 Rc8 45. Ke2 Rc1 46. b6 Rc6 47. b7 Bc7 48. Bb5 Rc1 49. e5 Rb1 50. Bc6 g5 51. fxg5 Bxe5 52. Ra8 Bc4+ 53. Kd2 d3 54. Rd8 Ba6 55. Nc5 Bf4+ 56. Kc3 Rc1+ 57. Kb4 Rc4+ 58. Ka5 Rxc5+ 59. Kxa6 Rxc6+ 60. Kb5 Rc3 61. Kb4 Rc1 {0-} 0-1

[Event "45th FIDE Olympiad 2024"]
[Site "Budapest"]
[Date "2024.09.18"]
[Round "7.204"]
[White "Domingos, Catarino"]
[Black "Abdel Wahab, Ahmad"]
[Result "0-1"]
[WhiteElo "2229"]
[BlackElo "1995"]
[PlyCount "96"]
[EventDate "2024.09.05"]
[EventType "team-tourn"]
[EventCountry "HUN"]
[WhiteTeam "Angola"]
[BlackTeam "Palestine"]
[WhiteTeamCountry "ANG"]
[BlackTeamCountry "PLE"]
[TimeControl "40/5400+30:1800+30"]

1. Nf3 d5 2. g3 Nf6 3. Bg2 c5 4. O-O h6 5. c4 d4 6. b4 cxb4 7. a3 b3 8. Qxb3 Nc6 9. d3 e5 10. Nbd2 Bd6 11. Qc2 O-O 12. Rb1 Qe7 13. a4 Nb4 14. Qb3 a5 15. Ba3 Bc5 16. Ra1 Bd7 17. Ne1 Bc6 18. Bb2 e4 19. dxe4 Nxe4 20. Ndf3 Rad8 21. Nd3 Rfe8 22. Rfd1 Nc3 23. Bxc3 dxc3 24. Qxc3 Bxf3 25. Nxc5 Rxd1+ 26. Rxd1 Bxg2 27. Kxg2 Qxc5 28. e3 Qc6+ 29. Kg1 Qxa4 30. Ra1 Qc6 31. Rxa5 Rd8 32. Ra1 Na6 33. Qa5 Rd7 34. Qf5 Rd6 35. Qe5 Rd2 36. Qf4 Rc2 37. Rd1 Rxc4 38. Rd8+ Kh7 39. Qf5+ Qg6 40. Qf3 Qb1+ 41. Kg2 Qe4 42. Rd7 Qxf3+ 43. Kxf3 Rc7 44. Rd6 Nc5 45. h4 b5 46. Rd4 Rb7 47. Rb4 Na6 48. Rb2 b4 {0-} 0-1

[Event "45th FIDE Olympiad 2024"]
[Site "Budapest"]
[Date "2024.09.18"]
[Round "7.205"]
[White "Kigigha, Bomo Lovet"]
[Black "Mwali, Chitumbo"]
[Result "1/2-1/2"]
[WhiteElo "2217"]
[BlackElo "2312"]
[PlyCount "233"]
[EventDate "2024.09.05"]
[EventType "team-tourn"]
[EventCountry "HUN"]
[WhiteTeam "Nigeria"]
[BlackTeam "Zambia"]
[WhiteTeamCountry "NGR"]
[BlackTeamCountry "ZAM"]
[TimeControl "40/5400+30:1800+30"]

1. e4 e5 2. Nf3 Nc6 3. Bb5 a6 4. Ba4 Nf6 5. O-O b5 6. Bb3 Be7 7. d4 d6 8. dxe5 Nxe5 9. Nxe5 dxe5 10. Qxd8+ Bxd8 11. a4 Rb8 12. axb5 axb5 13. Be3 c6 14. Ra7 Bb7 15. Nc3 Nd7 16. Rd1 Rf8 17. Nxb5 cxb5 18. Bd5 Bb6 19. Rxb7 Rxb7 20. Bxb7 Bxe3 21. Bc6 Bd4 22. c3 Ke7 23. cxd4 exd4 24. Rxd4 Nc5 25. b4 Ne6 26. Rd7+ Kf6 27. Rb7 Rc8 28. Rb6 Ke5 29. g3 Nd4 30. Bd5 g5 31. Bxf7 Rc1+ 32. Kg2 Rb1 33. Rb8 Kxe4 34. Bg8 Rxb4 35. Bxh7+ Ke5 36. Rg8 Ne6 37. Rg6 g4 38. Bg8 Nc5 39. h4 gxh3+ 40. Kxh3 Nd3 41. Re6+ Kf5 42. Re2 Kg6 43. Bd5 Kf6 44. f3 Rb2 45. Re6+ Kg5 46. f4+ Nxf4+ 47. gxf4+ Kxf4 48. Re4+ Kf5 49. Re3 Rd2 50. Bc6 b4 51. Kg3 Rd6 52. Bb5 Kf6 53. Ba4 Re6 54. Rd3 Re4 55. Kf3 Ke5 56. Bb3 Rd4 57. Re3+ Kd6 58. Ke2 Rg4 59. Kd3 Rh4 60. Re6+ Kc5 61. Re5+ Kb6 62. Bc4 Rh1 63. Rb5+ Kc6 64. Rxb4 Rd1+ 65. Kc2 Kc5 66. Ra4 Rg1 67. Bd3 Rh1 68. Kc3 Rc1+ 69. Bc2 Kb5 70. Rh4 Kc5 71. Rh5+ Kd6 72. Kd3 Kc6 73. Bb3 Rg1 74. Bc4 Rd1+ 75. Kc3 Rc1+ 76. Kd4 Rd1+ 77. Bd3 Kd6 78. Rh6+ Ke7 79. Ke4 Kf7 80. Bc4+ Kg7 81. Ra6 Rc1 82. Bd5 Rf1 83. Ke5 Rf2 84. Be4 Rf1 85. Bf5 Re1+ 86. Kf4 Kf7 87. Be4 Ke7 88. Ke5 Kd7 89. Ra7+ Kc8 90. Kd5 Rd1+ 91. Kc5 Kd8 92. Bd5 Ke8 93. Kd6 Kf8 94. Rf7+ Ke8 95. Rg7 Rf1 96. Rg3 Rf2 97. Rg1 Rf4 98. Be6 Rf2 99. Bc4 Rf4 100. Rg8+ Rf8 101. Rg7 Rf4 102. Be6 Rf2 103. Ra7 Kf8 104. Ra8+ Kg7 105. Rg8+ Kh6 106. Ke5 Kh5 107. Bc4 Kh4 108. Bd3 Rf3 109. Be2 Rf2 110. Bd3 Rf3 111. Be4 Rf1 112. Kd4 Re1 113. Bf3 Re7 114. Be4 Rd7+ 115. Ke5 Ra7 116. Kf4 Rf7+ 117. Bf5 1/2-1/2

[Event "45th FIDE Olympiad 2024"]
[Site "Budapest"]
[Date "2024.09.18"]
[Round "7.206"]
[White "Kayonde, Andrew"]
[Black "Osunfuyi, Abimbola"]
[Result "0-1"]
[WhiteElo "2338"]
[BlackElo "2164"]
[PlyCount "70"]
[EventDate "2024.09.05"]
[EventType "team-tourn"]
[EventCountry "HUN"]
[WhiteTeam "Zambia"]
[BlackTeam "Nigeria"]
[WhiteTeamCountry "ZAM"]
[BlackTeamCountry "NGR"]
[TimeControl "40/5400+30:1800+30"]

1. d4 d5 2. Nf3 Nf6 3. e3 e6 4. Nbd2 Nbd7 5. Bd3 Bd6 6. O-O O-O 7. Re1 e5 8. e4 Re8 9. exd5 exd4 10. Ne4 Bb4 11. Nxf6+ Nxf6 12. Rxe8+ Qxe8 13. Bc4 b5 14. Bf1 Bb7 15. Nxd4 a6 16. a4 bxa4 17. c4 Bc5 18. Be3 Bc8 19. Qxa4 Bd7 20. Qa5 Bb6 21. Qc3 Ng4 22. c5 Qe5 23. g3 Nxe3 24. fxe3 Bxc5 25. Qxc5 Qxe3+ 26. Kh1 Bf5 27. Qc3 Be4+ 28. Bg2 Bxg2+ 29. Kxg2 Qe4+ 30. Nf3 Qxd5 31. Qxc7 h6 32. Re1 Qb5 33. Qe5 Qb7 34. Re3 Rc8 35. Rc3 Qxb2+ {0-} 0-1

[Event "45th FIDE Olympiad 2024"]
[Site "Budapest"]
[Date "2024.09.18"]
[Round "7.207"]
[White "Ofowino, Toritsemuwa"]
[Black "Kaoma, Micheal"]
[Result "0-1"]
[WhiteElo "2020"]
[BlackElo "2161"]
[PlyCount "128"]
[EventDate "2024.09.05"]
[EventType "team-tourn"]
[EventCountry "HUN"]
[WhiteTeam "Nigeria"]
[BlackTeam "Zambia"]
[WhiteTeamCountry "NGR"]
[BlackTeamCountry "ZAM"]
[TimeControl "40/5400+30:1800+30"]

1. d4 d5 2. Nf3 Nf6 3. c3 g6 4. h3 Bg7 5. Bf4 O-O 6. e3 c5 7. Be2 Nbd7 8. O-O b6 9. Nbd2 Bb7 10. Ne5 a6 11. a4 Ne8 12. Nxd7 Qxd7 13. Qb3 Qc6 14. Nf3 c4 15. Qc2 Nd6 16. b3 b5 17. bxc4 bxc4 18. Nd2 f6 19. Rfb1 e5 20. Bh2 Bc8 21. Bg4 f5 22. Be2 f4 23. Qb2 Bf5 24. Re1 Rab8 25. Qc1 fxe3 26. fxe3 Ne4 27. dxe5 Qc5 28. Bf3 Ng5 29. Bd1 Rbe8 30. h4 Nf7 31. Nf3 Nxe5 32. Bxe5 Bxe5 33. Nxe5 Rxe5 34. Bf3 Be4 35. Bxe4 Rxe4 36. Qd2 Rxh4 37. Rf1 Re8 38. Rf3 Rhe4 39. Kf2 g5 40. Rf5 Rf8 41. Rxf8+ Qxf8+ 42. Kg1 Qc5 43. Rd1 Re5 44. Qd4 Qxd4 45. Rxd4 Kf7 46. Kf2 Ke6 47. Rd1 Rf5+ 48. Ke2 g4 49. Rb1 g3 50. Rb6+ Ke5 51. Rxa6 Rf2+ 52. Ke1 Rxg2 53. Ra7 h5 54. Re7+ Kf5 55. Rd7 Ke4 56. Kf1 Rf2+ 57. Kg1 Rd2 58. Rh7 Kf3 59. Rf7+ Kxe3 60. a5 Ra2 61. a6 Rxa6 62. Kg2 h4 63. Kh3 Rg6 64. Rf3+ Kxf3 {0-} 0-1

[Event "45th FIDE Olympiad 2024"]
[Site "Budapest"]
[Date "2024.09.18"]
[Round "7.208"]
[White "Hapaku, Charles"]
[Black "Quickpen, Deborah Ebimobo-Ere"]
[Result "1-0"]
[WhiteElo "2102"]
[BlackElo "1918"]
[PlyCount "87"]
[EventDate "2024.09.05"]
[EventType "team-tourn"]
[EventCountry "HUN"]
[WhiteTeam "Zambia"]
[BlackTeam "Nigeria"]
[WhiteTeamCountry "ZAM"]
[BlackTeamCountry "NGR"]
[TimeControl "40/5400+30:1800+30"]

1. c4 Nf6 2. Nc3 e5 3. Nf3 Nc6 4. e4 Bc5 5. Nxe5 Nxe5 6. d4 Bb4 7. dxe5 Nxe4 8. Qf3 Nxc3 9. bxc3 Ba5 10. Ba3 Qg5 11. h4 Qxe5+ 12. Kd2 Qd4+ 13. Kc2 Qe5 14. Rd1 d6 15. Rd5 Bf5+ 16. Kb3 Qe1 17. Qe2+ Qxe2 18. Bxe2 Be6 19. Rxa5 c5 20. Rb5 b6 21. Kc2 Kd7 22. Rbb1 Rhe8 23. Rhe1 Re7 24. Rbd1 Rae8 25. Bd3 Kc7 26. Bc1 d5 27. cxd5 Bxd5 28. Rxe7+ Rxe7 29. c4 Bc6 30. Kc3 g6 31. Bg5 Rd7 32. f3 h5 33. Re1 a6 34. a3 b5 35. cxb5 axb5 36. Rb1 c4 37. Bf4+ Kd8 38. Bc2 Ra7 39. Rd1+ Ke7 40. Bd6+ Ke6 41. Bc5 Ra8 42. Rd6+ Ke5 43. Rxc6 Kd5 44. Be4+ 1-0

[Event "45th FIDE Olympiad 2024"]
[Site "Budapest"]
[Date "2024.09.18"]
[Round "7.209"]
[White "Mafaaz, Khalid"]
[Black "Efimov, Igor"]
[Result "0-1"]
[WhiteElo "2069"]
[BlackElo "2338"]
[PlyCount "104"]
[EventDate "2024.09.05"]
[EventType "team-tourn"]
[EventCountry "HUN"]
[WhiteTeam "Pakistan"]
[BlackTeam "Monaco"]
[WhiteTeamCountry "PAK"]
[BlackTeamCountry "MNC"]
[TimeControl "40/5400+30:1800+30"]

1. d4 d6 2. e4 Nf6 3. Nc3 c6 4. Nf3 Bg4 5. Be3 Qa5 6. h3 Bh5 7. Qd2 Bxf3 8. gxf3 Nbd7 9. f4 e6 10. Bg2 Nb6 11. Ne2 Qxd2+ 12. Bxd2 d5 13. e5 Nfd7 14. h4 h5 15. f5 exf5 16. Nf4 Be7 17. e6 fxe6 18. Bf3 Nf8 19. Bxh5+ Kd7 20. Rg1 Bf6 21. c3 Nc4 22. Bc1 Nd6 23. Ke2 Rh7 24. Rh1 Ne4 25. Be3 c5 26. Rag1 cxd4 27. cxd4 Rc8 28. f3 Nd6 29. Kd3 Nc4 30. Bc1 Nd6 31. Be3 Rc6 32. b3 b5 33. a3 Rh6 34. Ng6 Rxh5 35. Nxf8+ Ke7 36. Ng6+ Kf7 37. Bf4 Ne4 38. fxe4 fxe4+ 39. Kd2 Bxd4 40. Rg5 Rxg5 41. Nh8+ Kg8 42. hxg5 e5 43. Be3 g6 44. Rh6 Kg7 45. Ke2 Bxe3 46. Kxe3 a5 47. a4 b4 48. Ke2 d4 49. Kd2 e3+ 50. Kd3 e4+ 51. Kxd4 e2 52. Rh1 Rd6+ {0-} 0-1

[Event "45th FIDE Olympiad 2024"]
[Site "Budapest"]
[Date "2024.09.18"]
[Round "7.210"]
[White "Levacic, Damir"]
[Black "Amer, Karim"]
[Result "1-0"]
[WhiteElo "2097"]
[BlackElo "2081"]
[PlyCount "115"]
[EventDate "2024.09.05"]
[EventType "team-tourn"]
[EventCountry "HUN"]
[WhiteTeam "Monaco"]
[BlackTeam "Pakistan"]
[WhiteTeamCountry "MNC"]
[BlackTeamCountry "PAK"]
[TimeControl "40/5400+30:1800+30"]

1. d4 Nf6 2. c4 e6 3. Nc3 Bb4 4. e3 c5 5. a3 Bxc3+ 6. bxc3 O-O 7. Bd3 d5 8. cxd5 exd5 9. Ne2 Nc6 10. O-O Re8 11. f3 Qc7 12. Qe1 Bd7 13. Qh4 Ne7 14. e4 Ng6 15. Qg3 Qxg3 16. Nxg3 cxd4 17. cxd4 dxe4 18. fxe4 Bc6 19. d5 Ba4 20. Rb1 Ne5 21. Be2 b6 22. Rb4 Bc2 23. Bg5 Nfd7 24. Rd4 f6 25. Be3 Rac8 26. Nf5 Nf7 27. Bb5 Rcd8 28. d6 Rxe4 29. Rc1 Re5 30. Bxd7 Rxd7 31. Ne7+ Kf8 32. Bf4 Rc5 33. Rd2 Bb3 34. Rxc5 bxc5 35. Nc6 g5 36. Be3 c4 37. Bd4 Kg7 38. Bc3 Rxd6 39. Nxa7 Ba4 40. Nc8 Re6 41. Rd4 Bb3 42. Bb4 Ne5 43. Bc3 Ra6 44. h4 gxh4 45. Rxh4 Rxa3 46. Nd6 Ra4 47. Rf4 Kg6 48. Ne4 Ra6 49. Nxf6 Nd3 50. Rf1 Nc5 51. Ng4 Ne4 52. Ne5+ Kg5 53. Nf7+ Kh5 54. Bd4 c3 55. g4+ Kh4 56. Ne5 c2 57. Kg2 Kg5 58. Be3+ 1-0

[Event "45th FIDE Olympiad 2024"]
[Site "Budapest"]
[Date "2024.09.18"]
[Round "7.211"]
[White "Momin, Fayzan"]
[Black "Meylan, Andre"]
[Result "1-0"]
[WhiteElo "2064"]
[BlackElo "2165"]
[PlyCount "75"]
[EventDate "2024.09.05"]
[EventType "team-tourn"]
[EventCountry "HUN"]
[WhiteTeam "Pakistan"]
[BlackTeam "Monaco"]
[WhiteTeamCountry "PAK"]
[BlackTeamCountry "MNC"]
[TimeControl "40/5400+30:1800+30"]

1. a3 Nf6 2. Nf3 e6 3. c4 b6 4. Nc3 Bb7 5. g3 Be7 6. Bg2 O-O 7. O-O c5 8. b3 d5 9. cxd5 Nxd5 10. Bb2 Nd7 11. Nxd5 Bxd5 12. d3 Bf6 13. Qc2 Rc8 14. Rfc1 h6 15. Bxf6 Nxf6 16. Qb2 Qe7 17. Rc2 a5 18. Rac1 Rcd8 19. Ne5 Bxg2 20. Kxg2 Qb7+ 21. Kg1 Rc8 22. d4 cxd4 23. Nc6 Rc7 24. Qxd4 Rd7 25. Qb2 Rd5 26. b4 Qd7 27. b5 Kh8 28. a4 Rd1+ 29. Rxd1 Qxd1+ 30. Kg2 Qd5+ 31. f3 Qd1 32. e4 Rc8 33. Rd2 Qe1 34. Qc3 Kh7 35. Qd3 e5 36. Rd1 Rd8 37. Nxd8 Qb4 38. Qc2 1-0